Map: Dusty Gorge

Players

Adversity - Winner!

  • Race: Terran Terran
  • Spawn Location: 5:00

Killz - Winner!

  • Race: Zerg Zerg
  • League: Master
  • Spawn Location: 3:00

PinkElephant

  • Race: Terran Terran
  • Spawn Location: 9:00

Zero

  • Race: Terran Terran
  • League: Master
  • Spawn Location: 11:00

VOD

Have the link to the VOD?

Description

Time

  • Played on: July 14, 2018, 5:33 p.m.
  • Length: 11:00
Show
View Real Time Build Order
Export as new Build Order

Adversity Terran - Winner!

Build Orders:  

Get SALT Encoding   

  12  0:04  SCV  
  13  0:16  SCV  
  14  0:22  Supply Depot  
  14  0:28  SCV  
  14  0:31  Refinery  
  15  0:43  SCV  
  15  0:49  Barracks  
  16  0:55  SCV  
  17  1:08  SCV  
  18  1:12  Barracks  
  18  1:20  SCV  
  19  1:26  Barracks  
  19  1:36  Reaper  
  20  1:42  Orbital Command  
  20  1:52  Supply Depot  
  20  2:00  Reaper  
  21  2:03  Refinery  
  21  2:08  Reaper  
  21  2:10  SCV  
  23  2:16  Reaper  
  24  2:24  Supply Depot  
  24  2:26  SCV  
  25  2:36  Reaper  
  26  2:38  SCV  
  27  2:44  Reaper  
  27  2:50  SCV  
  29  2:53  Reaper  
  30  3:03  Command Center  
  30  3:10  Reaper  
  31  3:14  SCV  
  32  3:25  Reaper  
  32  3:26  SCV  
  34  3:28  Reaper  
  35  3:38  SCV  
  36  3:44  Reaper  
  36  3:46  Barracks  
  36  3:47  Barracks  
  37  3:50  SCV  
  37  3:51  Engineering Bay  
  38  3:58  Supply Depot  
  38  4:03  Barracks Tech Lab  
  39  4:10  Barracks Reactor  
  39  4:12  SCV  
  39  4:15  Factory  
  39  4:26  Marine x2  
  39  4:28  Stimpack  
  41  4:36  Orbital Command  
  41  4:40  SCV  
  41  4:44  Marine  
  43  4:49  Missile Turret x2  
  43  4:51  Marine x2  
  45  4:53  SCV  
  45  4:55  Marine x2  
  45  4:58  Marine  
  46  5:11  Marine x2  
  46  5:12  Marine  
  44  5:15  SCV  
  44  5:17  Marine x2  
  44  5:20  SCV  
  46  5:25  Marine  
  44  5:29  Marine x2  
  44  5:31  Marine  
  44  5:33  SCV x2  
  44  5:34  Marine  
  49  5:36  Marine  
  50  5:43  Marine  
  50  5:45  SCV x2  
  50  5:49  Factory Reactor  
  53  5:51  Starport  
  53  5:56  Marine x5  
  58  5:57  SCV x2  
  59  6:12  SCV x2  
  54  6:19  Marine x5  
  54  6:24  SCV  
  54  6:25  SCV  
  61  6:28  Supply Depot, Engineering Bay  
  60  6:43  Combat Shield  
  60  6:45  SCV x2  
  62  6:48  Barracks Reactor x3  
  62  6:58  Marine x3  
  62  6:59  SCV  
  62  7:00  SCV  
  67  7:02  Refinery x2  
  67  7:04  Supply Depot  
  67  7:05  Terran Infantry Weapons Level 1  
  67  7:06  Terran Infantry Armor Level 1  
  67  7:12  SCV x2  
  69  7:15  Medivac  
  69  7:16  Medivac  
  73  7:24  SCV x2  
  73  7:27  Supply Depot  
  75  7:32  Marine  
  75  7:33  Marine x5  
  82  7:37  SCV x2  
  82  7:38  Marine  
  82  7:43  Supply Depot  
  84  7:44  Marine  
  84  7:49  Medivac x2  
  89  8:04  Factory Tech Lab, Supply Depot  
  89  8:09  Armory  
  89  8:16  Command Center  
  88  8:20  Marine x3  
  91  8:28  Medivac, Marine x3  
  91  8:29  Medivac  
  91  8:33  Siege Tank  
  97  8:43  Marine x3  
  97  8:44  Marine x2  
  94  8:59  SCV  
  94  9:00  SCV  
  96  9:05  Siege Tank  
  97  9:17  Sensor Tower  
  97  9:21  Marine x4  
  98  9:31  Marine x2  
  98  9:37  Siege Tank  
  95  9:41  Marine  
  95  9:42  Marine x3, Orbital Command  
  95  9:43  SCV  
  95  9:45  Marine x3  
  100  9:48  Medivac  
  100  9:49  SCV  
  100  9:52  Refinery  
  102  9:54  Refinery  
  102  9:55  SCV  
  102  9:56  Marine x2  
  102  9:59  Marine  
  104  10:01  SCV  
  103  10:07  SCV  
  103  10:09  SCV  
  103  10:13  SCV  
  105  10:15  Factory  
  105  10:17  Barracks x2  
  105  10:19  SCV  
  106  10:22  SCV  
  106  10:25  SCV  
  106  10:27  Marine x2  
  110  10:29  Marine x3  
  110  10:30  Marine  
  110  10:31  SCV  
  110  10:35  Marine x2  
  114  10:36  Marine  
  114  10:42  SCV  
  122  10:43  SCV  
  122  10:44  SCV  
  122  10:45  Command Center  
Show
View Real Time Build Order
Export as new Build Order

Killz Zerg - Winner!

Build Orders: Hatch First 

Get SALT Encoding   

  12  0:01  Drone  
  13  0:13  Overlord  
  13  0:22  Drone  
  14  0:31  Drone x2  
  14  0:35  Drone  
  17  0:54  Hatchery  
  17  0:56  Drone  
  17  0:59  Drone  
  17  1:03  Extractor  
  17  1:15  Spawning Pool  
  17  1:18  Drone  
  17  1:21  Drone  
  18  1:28  Drone  
  19  1:40  Overlord  
  19  1:51  Drone  
  20  2:02  Queen  
  20  2:04  Metabolic Boost  
  20  2:07  Queen  
  24  2:26  Hatchery  
  24  2:29  Drone  
  25  2:30  Drone  
  25  2:38  Drone  
  26  2:46  Queen  
  26  2:48  Drone x3  
  31  2:52  Drone  
  31  2:54  Drone  
  33  3:00  Drone  
  34  3:08  Roach Warren  
  33  3:18  Overlord  
  30  3:24  Extractor  
  27  3:29  Zergling x2  
  25  3:37  Drone x3  
  25  3:40  Queen  
  30  3:48  Roach x3  
  36  3:50  Drone  
  37  3:59  Drone x4  
  37  4:01  Drone  
  42  4:08  Drone  
  44  4:10  Drone x2  
  44  4:16  Drone x2  
  47  4:23  Roach  
  48  4:26  Overlord  
  48  4:34  Overlord  
  48  4:40  Drone  
  48  4:44  Drone x3  
  52  4:47  Roach x2  
  52  4:49  Spore Crawler  
  55  4:53  Lair  
  55  4:57  Spore Crawler  
  54  5:00  Spore Crawler  
  54  5:03  Roach  
  55  5:08  Roach  
  55  5:11  Roach  
  59  5:16  Roach x3  
  65  5:24  Overlord  
  65  5:31  Overlord  
  65  5:32  Overlord  
  65  5:37  Spine Crawler  
  65  5:38  Drone  
  65  5:40  Overlord  
  65  5:52  Overseer  
  65  5:53  Overseer  
  65  5:56  Drone  
  67  5:57  Drone  
  67  5:58  Drone  
  67  5:59  Drone  
  67  6:01  Drone  
  70  6:08  Hydralisk Den  
  69  6:12  Extractor  
  69  6:14  Drone, Extractor  
  69  6:16  Drone x2  
  69  6:17  Drone x2  
  72  6:20  Drone x2  
  72  6:25  Drone x3  
  77  6:32  Drone x2  
  79  6:34  Drone  
  79  6:37  Drone  
  81  6:47  Muscular Augments  
  81  6:54  Overlord  
  81  7:02  Overlord  
  81  7:03  Ravager x3  
  81  7:04  Ravager x3  
  81  7:08  Drone x3, Queen  
  92  7:15  Drone  
  92  7:16  Drone  
  92  7:17  Extractor  
  92  7:19  Extractor  
  92  7:20  Infestation Pit  
  92  7:22  Evolution Chamber  
  90  7:23  Roach x7  
  90  7:24  Evolution Chamber  
  90  7:27  Glial Reconstitution  
  90  7:29  Drone  
  104  7:30  Drone  
  104  7:32  Drone  
  106  7:42  Drone x2  
  106  7:53  Overlord  
  106  7:56  Hydralisk  
  106  7:57  Hydralisk x2  
  112  7:59  Overlord  
  112  8:01  Grooved Spines  
  112  8:04  Zerg Ground Armor Level 1  
  112  8:07  Drone  
  112  8:09  Overlord x2  
  113  8:23  Spine Crawler  
  113  8:25  Hydralisk x2  
  113  8:26  Hydralisk x2  
  120  8:31  Drone x3  
  122  8:42  Hydralisk x2  
  122  8:46  Hydralisk  
  125  8:51  Hydralisk x2  
  125  8:52  Hydralisk  
  125  8:54  Hydralisk  
  133  9:00  Drone x3  
  133  9:02  Drone  
  137  9:05  Drone x2  
  137  9:07  Drone  
  140  9:13  Hive  
  140  9:27  Hydralisk x2  
  140  9:29  Overlord x2  
  144  9:41  Hatchery  
  144  9:42  Hydralisk  
  144  9:44  Overlord x2  
  145  9:56  Hydralisk  
  145  9:57  Hydralisk x4  
  155  10:03  Hydralisk x2  
  159  10:12  Ravager x5  
  159  10:13  Ravager x4  
  168  10:23  Hydralisk x2  
  168  10:24  Hydralisk x2  
  168  10:25  Overlord x2  
  176  10:33  Extractor  
  175  10:36  Hydralisk x2  
Show
View Real Time Build Order
Export as new Build Order

PinkElephant Terran 

Build Orders:  

Get SALT Encoding   

  12  0:01  SCV  
  13  0:13  SCV  
  14  0:18  Supply Depot  
  14  0:25  SCV  
  15  0:32  Refinery  
  15  0:42  Barracks  
  15  0:55  Barracks  
  15  1:11  Barracks  
  15  1:19  SCV  
  16  1:26  Refinery  
  16  1:32  Reaper  
  17  1:42  Reaper  
  18  1:49  Supply Depot  
  18  1:58  Reaper  
  18  2:00  SCV  
  20  2:08  Reaper  
  21  2:16  Reaper  
  21  2:17  SCV  
  23  2:29  SCV  
  24  2:30  Reaper  
  25  2:44  Reaper  
  25  3:01  Reaper  
  25  3:04  Reaper  
  25  3:05  SCV  
  28  3:17  Reaper  
  28  3:33  Reaper  
  24  3:42  Reaper  
  24  3:43  Orbital Command  
  25  3:49  Reaper  
  26  3:55  Command Center  
  26  4:12  Reaper  
  26  4:27  Reaper  
  26  4:28  Reaper  
  27  4:32  SCV  
  27  4:38  Factory  
  28  4:44  SCV  
  29  4:47  Barracks Tech Lab  
  29  4:49  Supply Depot  
  29  4:59  Reaper  
  29  5:16  Reaper  
  29  5:18  Reaper  
  29  5:33  Stimpack  
  29  5:35  Factory Reactor  
  29  5:39  Starport  
  29  5:44  Command Center  
  29  5:48  Barracks Reactor  
  29  5:51  Barracks Reactor  
  29  5:52  Marine  
  30  5:59  Orbital Command  
  28  6:10  Marine  
  26  6:21  SCV  
  27  6:28  Marine  
  27  6:32  Marine x3  
  28  6:33  Marine, SCV  
  28  6:35  SCV  
  34  6:46  Marine  
  35  6:51  Marine x3  
  35  6:52  Marine  
  35  6:53  SCV x2  
  35  7:07  Supply Depot  
  36  7:08  Engineering Bay, SCV  
  36  7:11  SCV  
  37  7:16  Medivac  
  37  7:18  Marine  
  37  7:19  Marine  
  37  7:20  SCV  
  42  7:23  Marine  
  42  7:24  Marine  
  42  7:28  Factory Tech Lab  
  44  7:32  Orbital Command  
  44  7:39  Combat Shield  
  44  7:40  Marine x2  
  46  7:44  SCV x2  
  46  7:51  Engineering Bay  
  48  7:54  Terran Infantry Weapons Level 1  
  48  7:57  Medivac  
  48  7:58  SCV  
  51  8:04  SCV x2  
  53  8:06  Marine x2  
  53  8:07  Marine  
  53  8:11  Siege Tank  
  59  8:21  SCV x2  
  59  8:22  SCV  
  59  8:23  Terran Infantry Armor Level 1  
  62  8:33  SCV  
  62  8:34  SCV x2  
  49  8:45  Marine x4  
  49  8:46  Marine  
  50  8:56  SCV x2  
  50  9:00  Barracks  
  50  9:01  Barracks  
  50  9:02  Barracks  
  52  9:03  Marine x5  
  52  9:07  Supply Depot  
  57  9:11  SCV  
  51  9:21  Marine x3  
  39  9:47  Marine x2  
  39  9:48  Marine x3  
  43  9:52  Command Center  
  43  9:53  Orbital Command  
  43  10:05  Marine x3  
  43  10:06  Marine x2  
  48  10:22  SCV  
  48  10:23  Marine x2  
  48  10:27  Marine  
  48  10:28  Marine x2  
  55  10:34  SCV  
Show
View Real Time Build Order
Export as new Build Order

Zero Terran 

Build Orders: 1/1/1, Hellion Banshee, Mech 

Get SALT Encoding   

  12  0:01  SCV  
  13  0:13  SCV  
  14  0:20  Supply Depot  
  14  0:25  SCV  
  15  0:30  Refinery  
  15  0:41  SCV  
  16  0:46  Barracks  
  16  0:54  SCV  
  17  1:00  Refinery  
  17  1:08  SCV  
  18  1:22  SCV  
  19  1:35  Factory  
  19  1:36  Orbital Command  
  19  1:41  Barracks Reactor  
  19  1:54  Supply Depot  
  19  2:03  SCV  
  20  2:21  Starport  
  20  2:25  Hellion x2  
  24  2:35  SCV  
  25  2:38  Supply Depot  
  24  2:47  Hellion x2  
  28  2:57  Starport, Barracks Tech Lab  
  28  3:03  Supply Depot  
  28  3:06  SCV  
  29  3:23  SCV  
  29  3:25  Hellion x2  
  30  3:39  Cloaking Field, Banshee  
  33  4:01  Command Center  
  33  4:09  Widow Mine x2  
  37  4:15  SCV  
  38  4:27  Banshee  
  41  4:42  Command Center  
  41  4:51  SCV  
  42  4:56  Supply Depot  
  42  5:13  SCV  
  35  5:25  Factory  
  35  5:26  Factory  
  35  5:27  SCV  
  35  5:28  Orbital Command  
  33  5:39  SCV  
  34  5:47  Hellion x2  
  34  5:58  SCV  
  34  6:02  Orbital Command  
  35  6:09  Armory x2  
  35  6:10  SCV x2  
  37  6:19  Factory Tech Lab  
  37  6:20  Factory Tech Lab  
  37  6:22  SCV  
  37  6:23  SCV  
  37  6:24  Hellion  
  41  6:34  SCV  
  41  6:35  SCV  
  43  6:43  Siege Tank x2  
  43  6:45  SCV  
  47  6:47  Medivac  
  47  6:53  SCV x2  
  51  6:57  SCV  
  52  7:05  SCV x2  
  52  7:08  Refinery x2  
  54  7:09  SCV  
  54  7:11  Terran Vehicle Weapons Level 1  
  54  7:13  Hellion  
  54  7:14  Hellion  
  59  7:17  SCV x2  
  59  7:21  SCV  
  62  7:29  SCV x2, Siege Tank  
  67  7:33  SCV  
  68  7:37  Refinery  
  68  7:39  Siege Tank  
  68  7:40  Widow Mine  
  68  7:41  SCV  
  68  7:42  SCV  
  75  7:46  Refinery  
  75  7:59  Factory  
  75  8:00  SCV  
  75  8:01  SCV  
  75  8:03  Supply Depot x2, Starport Reactor  
  75  8:04  Supply Depot, Siege Tank  
  80  8:10  Orbital Command  
  80  8:15  Siege Tank  
  81  8:21  SCV x2  
  81  8:25  Supply Depot  
  83  8:27  Supply Depot x2, Terran Vehicle And Ship Armor Level 1  
  83  8:33  SCV  
  84  8:35  Hellion  
  86  8:43  Hellion, Siege Tank  
  91  8:52  Siege Tank  
  91  8:53  SCV  
  89  8:59  Supply Depot, SCV x2  
  89  9:01  Supply Depot  
  91  9:05  SCV  
  92  9:10  Supply Depot, Engineering Bay  
  92  9:11  SCV x2  
  92  9:12  Supply Depot, Hellion x2  
  92  9:15  Siege Tank  
  101  9:17  SCV  
  101  9:19  Viking  
  101  9:23  SCV x2  
  106  9:29  SCV  
  105  9:35  SCV  
  105  9:36  Siege Tank  
  105  9:37  Hellion  
  107  9:40  Hellion, Siege Tank  
  107  9:45  SCV  
  107  9:46  SCV  
  107  9:47  Siege Tank  
  107  9:48  Viking  
  109  9:54  SCV  
  109  9:57  SCV  
  109  9:58  Missile Turret, Hellion  
  111  10:04  Hellion  
  111  10:06  Supply Depot  
  113  10:08  Siege Tank  
  113  10:11  Supply Depot  
  113  10:12  Siege Tank  
  113  10:13  Supply Depot  
  117  10:16  Viking  
  117  10:18  Viking  
  121  10:21  SCV  
  121  10:23  Hellion, Siege Tank  
  127  10:30  Missile Turret  
  127  10:32  Hellion  
Tags
 
Add a new tag
Caveats
  • Supply blocks, unpowered buildings, or Contaminate may cause inaccurate times.
  • Supply counts are checked every 10 seconds.